 Dungeon Crawl Stone Soup version 0.31.0-1-g2c135a008e (webtiles) character file.

Game seed: 2526216103096753660

196 qw the Shooter (level 6, 0/46 HPs)
             Began as a Djinni Hunter on Jan 24, 2024.
             Slain by a hobgoblin (4 damage)
             ... led by Robin
             ... on level 3 of the Dungeon.
             The game lasted 00:00:09 (1517 turns).

qw the Shooter (Djinni Hunter)                      Turns: 1517, Time: 00:00:09

Health: 0/46       AC:  5    Str: 10    XL:     6   Next: 4%
Gold:   136        EV: 11    Int: 11    God:
                   SH:  0    Dex: 18

rFire   + + .        a - +1 shortbow
rCold   x . .        (shield currently unavailable)
rNeg    . . .        d - +0 ring mail
rPois   inf          (no helmet)
rElec   .            (no cloak)
rCorr   .            (no gloves)
SInv    .            (boots unavailable)
Will    .....        e - amulet of regeneration
Stlth   +            (no ring)
HPRegen 1.07/turn    (no ring)
MPRegen 0.00/turn

%: infuse magic (-1 HP)
@: flying
A: sickness immunity, fire resistance 2, cold vulnerability 1, float, innate
caster, HP casting, extra vitality 1
a: no special abilities


You were on level 3 of the Dungeon.
You visited 1 branch of the dungeon, and saw 3 of its levels.

You collected 136 gold pieces.


Innate Abilities, Weirdness & Mutations

You are immune to sickness and miasma.
You are immune to poison.
Your flesh is very heat resistant. (rF++)
You are vulnerable to cold. (rC-)
You float through the air rather than walking.
You learn spells naturally, not from books.
Your magical power is your life essence.
You have superior vitality. (+4 MHP)


   Skills:
 - Level 3.0 Fighting
 - Level 5.0 Ranged Weapons
 - Level 1.2 Armour
 + Level 2.4 Dodging
 - Level 0.7 Stealth


You knew the following spells:

 Your Spells              Type           Power      Damage    Failure   Level
a - Kiss of Death         Conj/Necr      0%         2d5       65%         1
b - Call Imp              Summ           0%         N/A       80%         2
Your spell library was empty.

Inventory:

Hand Weapons
 a - a +1 shortbow (weapon)
Armour
 d - a +0 ring mail (worn)
Jewellery
 e - an amulet of regeneration (around neck)
Wands
 b - a wand of flame (26)
Scrolls
 g - a scroll of amnesia {unknown}
Potions
 c - a potion of ambrosia {unknown}
 f - a potion of degeneration {unknown}
 i - a potion of haste

Dungeon Overview and Level Annotations

Branches:
Dungeon (3/15)

Altars:
Uskayaw
The Shining One

Annotations:
D:3 1 runed translucent door, Robin; qw's ghost, amateur DjHu


Message History

You hear a shout!
The goblin no longer looks unusually strong.
Robin roars a battlecry!
The goblin goes into a battle-frenzy!
The goblin barely misses you. x2; The hobgoblin misses you.
The goblin hits you with a +0 club.
Robin hits you from afar with a +0 spear.
The goblin hits you but does no damage. The hobgoblin closely misses you.
A hobgoblin comes into view.
You shoot an arrow. The arrow closely misses the goblin.
Robin closely misses you. The goblin hits you with a +0 dagger.
The hobgoblin closely misses you. The goblin completely misses you.
The adder bites you but does no damage.
You shoot an arrow. The arrow misses the adder.
The hobgoblin no longer looks unusually strong.
The adder bites you but does no damage. The hobgoblin barely misses you.
Robin barely misses you. The goblin hits you but does no damage.
The goblin hits you with a +0 club.
You shoot an arrow. The arrow misses the adder.
The arrow hits the hobgoblin.
The hobgoblin is almost dead.
The hobgoblin no longer looks unusually strong.
The adder closely misses you.
Robin roars a battlecry!
The hobgoblins go into a battle-frenzy!
The goblin closely misses you. The goblin hits you with a +0 club.
The hobgoblin closely misses you. The adder closely misses you.
The hobgoblin hits you. The goblin hits you with a +0 club.
The hobgoblin hits you but does no damage.
Robin hits you but does no damage. The goblin hits you but does no damage.
You shoot an arrow. The arrow closely misses the hobgoblin.
The adder bites you. Robin hits you but does no damage.
The hobgoblin completely misses you. The goblin hits you but does no damage.
The hobgoblin hits you. The goblin hits you with a +0 club.
The adder bites you.
You shoot an arrow. The arrow barely misses the hobgoblin.
The goblin no longer looks unusually strong.
The adder bites you but does no damage.
Robin roars a battlecry!
The goblin goes into a battle-frenzy!
The hobgoblin hits you.
You die...

#. #. .# #. ..
#. .# #. g# #.
g# #
#.#####g##.#.#
#.....gg.....#
####.g@S)..)..
#
##.###g...##.
. #.## #..## #
#.# ..?. .
#.## #..### .
##.###.#.###
#....##...#
#.#..##.#.#
#.#..##.#.# .


You could see Robin, an adder, 3 hobgoblins and 3 goblins.

Vanquished Creatures
  Jessica (D:2)
  Terence (D:2)
  4 gnolls (D:2)
  2 adders
  4 dart slugs
  4 endoplasms
  2 giant cockroaches
  9 goblins
  5 hobgoblins
  11 jackals (D:2)
  6 quokkas
  6 ball pythons
  11 bats
  A frilled lizard (D:2)
  2 kobolds (D:2)
  7 rats
76 creatures vanquished.

Notes
Turn   | Place    | Note
-------+----------+-------------------------------------------
     0 | D:1      | qw the Djinni Hunter began the quest for the Orb.
     0 | D:1      | Reached XP level 1. HP: 18/18 MP: 0/0
     0 | D:1      | 0 ||| qw: Version: 0.3-a-136-gdd3b4e8
     0 | D:1      | 0 ||| qw: Game counter: 1452
     0 | D:1      | 0 ||| qw: Melee chars always use a shield: true
     0 | D:1      | 0 ||| qw: God list: Okawaru
     0 | D:1      | 0 ||| qw: Allow faded altars: false
     0 | D:1      | 0 ||| qw: Do Orc after clearing Dungeon:15 true
     0 | D:1      | 0 ||| qw: Do second Lair branch before Depths: true
     0 | D:1      | 0 ||| qw: Lair rune preference: random
     0 | D:1      | 0 ||| qw: Goals: Normal
     0 | D:1      | 0 ||| PLANNING D:1-11
   126 | D:1      | Reached XP level 2. HP: 23/23 MP: 0/0
   623 | D:1      | 623 ||| UPGRADING to +0 ring mail.
   633 | D:1      | 633 ||| DROPPING +0 leather armour.
   634 | D:1      | 634 ||| UPGRADING to amulet of regeneration.
   639 | D:1      | 639 ||| READING scroll labelled NULACZ PUPLAUS.
   639 | D:1      | 639 ||| ENCHANTING +0 shortbow.
   640 | D:1      | 640 ||| READING scroll labelled OCEAKHL XAZA.
   643 | D:1      | 643 ||| READING 2 scrolls labelled SUXOIB SYDWU.
   643 | D:1      | 643 ||| IDENTIFYING yellow potion
   644 | D:1      | 644 ||| READING scroll of identify.
   644 | D:1      | 644 ||| IDENTIFYING emerald potion
   645 | D:1      | 645 ||| DRINKING 2 sapphire potions.
   646 | D:1      | 646 ||| DROPPING scroll of butterflies.
   647 | D:1      | 647 ||| DROPPING potion of magic.
   708 | D:2      | 708 ||| RETREEEEATING.
   709 | D:2      | 709 ||| RETREEEEATING.
   714 | D:2      | Reached XP level 3. HP: 22/28 MP: 0/0
   714 | D:2      | Learned a level 1 spell: Kiss of Death
   716 | D:2      | Reached skill level 4 in Ranged Weapons
   723 | D:2      | HP: 7/28 [gnoll/+0 club (7)]
   724 | D:2      | 724 ||| DRINKING potion of heal wounds.
   728 | D:2      | Reached skill level 1 in Armour
   733 | D:2      | Reached XP level 4. HP: 21/34 MP: 0/0
   738 | D:2      | Reached skill level 3 in Fighting
   766 | D:2      | Found a glowing golden altar of the Shining One.
   798 | D:2      | Noticed Terence
   813 | D:2      | HP: 7/35 [Terence/+0 mace of draining (5)]
   816 | D:2      | HP: 1/35 [Terence/+0 mace of draining (3)]
   817 | D:2      | Killed Terence
   818 | D:2      | Reached XP level 5. HP: 3/40 MP: 0/0
   818 | D:2      | Learned a level 2 spell: Call Imp
   873 | D:2      | Noticed Jessica
   878 | D:2      | Killed Jessica
  1198 | D:2      | 1198 ||| DROPPING +6 ring of intelligence.
  1329 | D:3      | Found a runed translucent door.
  1331 | D:3      | Noticed a bullfrog
  1332 | D:3      | Noticed qw's ghost (amateur DjHu)
  1358 | D:3      | Found a hide-covered altar of Uskayaw.
  1390 | D:3      | Reached skill level 5 in Ranged Weapons
  1477 | D:3      | Reached XP level 6. HP: 46/46 MP: 0/0
  1502 | D:3      | Noticed Robin
  1515 | D:3      | HP: 10/46 [goblin/+0 club[Robin] (3)]
  1516 | D:3      | HP: 3/46 [goblin/+0 club[Robin] (4)]
  1517 | D:3      | Slain by a hobgoblin

Levels and vault maps discovered:
D:1:      ncdulo_smallfort, layout_loops_ring
D:2:      layout_rooms, basic_altar, uniq_terence, uniq_jessica
D:3:      layout_loops_ring, nicolae_overflow_quartered_altars,
          ebering_ghost_sewer_f, uniq_robin

Skill      XL: |  1  2  3  4  5 |
---------------+----------------+-----
Ranged Weapons | 4 5 |  5.0
Armour         | 1 |  1.2
Fighting       | 3 |  3.0
Dodging        | |  2.4
Stealth        | |  0.7

Action                     |  1- 3 |  4- 6 || total
---------------------------+-------+-------++-------
   Fire: Shortbow          |    70 |   171 ||   241
    Use: Scroll            |     4 |       ||     4
         Potion            |     2 |       ||     2
 Armour: Leather armour    |    10 |       ||    10
         Ring mail         |    74 |   160 ||   234
  Dodge: Dodged            |    86 |   141 ||   227

Table legend:
 A = Non-vault XP
 B = Vault XP
 C = Vault XP percentage of total XP
 D = Non-vault monster count
 E = Vault monster count
 F = Vault count percentage of total count
                 A         B        C        D         E       F
            +---------+---------+-------+---------+---------+-------
      Total |     199 |      81 |  28.9 |      69 |       7 |   9.2
            +---------+---------+-------+---------+---------+-------
        D:1 |      26 |       0 |   0.0 |      16 |       0 |   0.0
        D:2 |     133 |      73 |  35.4 |      38 |       2 |   5.0
        D:3 |      40 |       8 |  16.7 |      15 |       5 |  25.0
            +---------+---------+-------+---------+---------+-------
